 Dungeon Crawl Stone Soup version 0.23.1 (webtiles) character file.

Game seed: 14014583214507246855

281 Fang the Skirmisher (level 6, -1/39 HPs)
             Began as a Gargoyle Berserker on Mar 14, 2019.
             Was a Believer of Trog.
             Slain by an orc
             ... wielding a +0 mace
              (4 damage)
             ... on level 3 of the Dungeon.
             The game lasted 00:02:29 (2733 turns).

Fang the Skirmisher (Gargoyle Berserker)            Turns: 2733, Time: 00:02:30

Health: -1/39      AC:  7    Str: 22    XL:     6   Next: 27%
Magic:  15/15      EV: 12    Int: 11    God:    Trog [**....]
Gold:   162        SH:  0    Dex:  9    Spells: 5/5 levels left

rFire    . . .     SeeInvis .   a - +0 hand axe
rCold    . . .     Gourm    +   (no shield)
rNeg     + . .     Faith    .   b - +0 animal skin
rPois    ∞         Spirit   .   n - +0 helmet {Int+3}
rElec    +         Reflect  .   (no cloak)
rCorr    .         Harm     .   (no gloves)
MR       ++...                  (no boots)
Stlth    +.........             o - amulet of the gourmand
HPRegen  1.13/turn              d - ring of magical power
MPRegen  0.14/turn              (no ring)

@: berserk cooldown, regenerating, slowed, very slow
A: negative energy resistance 1, electricity resistance, unbreathing,
petrification resistance, rot immunity, AC +4
a: Berserk, Trog's Hand, Renounce Religion


You were on level 3 of the Dungeon.
You worshipped Trog.
Trog was pleased with you.
You were not hungry.

You visited 1 branch of the dungeon, and saw 4 of its levels.

You collected 162 gold pieces.

Inventory:

Hand Weapons
 a - a +0 hand axe (weapon)
Armour
 b - a +0 animal skin (worn)
 n - a +0 helmet of intelligence (worn)
Jewellery
 d - a ring of magical power (left hand)
 o - an amulet of the gourmand (around neck)
Wands
 m - a wand of flame (10)
Scrolls
 e - 3 scrolls of identify {unknown}
 f - a scroll of fog {unknown}
 g - 2 scrolls of teleportation {unknown}
 i - 2 scrolls of remove curse {unknown}
 l - a scroll of magic mapping {unknown}
Potions
 h - a potion of curing {unknown}
 j - 2 potions of heal wounds {unknown}
 k - a potion of mutation {unknown}
Comestibles
 c - 4 rations


   Skills:
 + Level 4.7 Fighting
 + Level 3.8 Axes
 + Level 3.9 Armour
 + Level 3.0 Dodging


You had 5 spell levels left.
You didn't know any spells.
Your spell library was empty.

Dungeon Overview and Level Annotations

Branches:
Dungeon (4/15)
 Temple: D:4-7

Altars:


Innate Abilities, Weirdness & Mutations

You are resistant to torment.
Your stone body is resilient. (AC +4)
You are immune to poison.
You resist negative energy. (rN+)
You are resistant to electric shocks. (rElec)
You can survive without breathing.
You are immune to petrification.
You are immune to rotting.


Message History

You closely miss the orc wizard.
The orc wizard is lightly wounded.
You hit the orc.
The orc wizard hits you but does no damage. x2
The orc hits you with a +0 mace.
* * * LOW HITPOINT WARNING * * *
The orc wizard closely misses you.
You closely miss the orc wizard.
The orc wizard is lightly wounded.
You barely miss the orc. The orc wizard closely misses you.
The orc barely misses you.
The orc wizard hits you but does no damage.
You hit the orc wizard.
The orc wizard is heavily wounded.
You barely miss the orc.
The orc wizard points at you and mumbles some strange words.
The magic dart hits you.
* * * LOW HITPOINT WARNING * * *
The orc hits you with a +0 mace.
You die...

#.<......#
#........####
#............
#.......)....
#.......#)...
#....####)...
##########.#### #)...
#....o...#.#######.###
#....@o...............
#.....................
#........#########....
#........# #####
#........# #
#........# #
#........# ####
#........# #...
########## #...


You could see an orc wizard and an orc.

Vanquished Creatures
  A bullfrog (D:3)
  A centaur skeleton (D:4)
  Robin (D:3)
  4 gnolls (D:3)
  7 adders
  An ooze (D:1)
  2 worms (D:3)
  A dart slug (D:3)
  4 leopard geckos
  2 orcs
  A ball python (D:3)
  2 giant cockroaches (D:3)
  4 goblins
  9 hobgoblins
  4 jackals (D:3)
  8 kobolds
  10 bats
  5 frilled lizards
  3 rats
70 creatures vanquished.

Notes
Turn   | Place    | Note
-------+----------+-------------------------------------------
     0 | D:1      | Fang the Gargoyle Berserker began the quest for the Orb.
     0 | D:1      | Reached XP level 1. HP: 14/14 MP: 1/1
   162 | D:1      | Reached XP level 2. HP: 14/19 MP: 2/2
   528 | D:2      | Reached XP level 3. HP: 21/23 MP: 3/3
   783 | D:2      | Reached ** piety under Trog
   980 | D:2      | Reached XP level 4. HP: 25/29 MP: 4/4
  1367 | D:3      | Reached skill level 4 in Fighting
  1978 | D:3      | Noticed a bullfrog
  1994 | D:3      | Killed a bullfrog
  1994 | D:3      | Reached XP level 5. HP: 29/34 MP: 5/5
  2130 | D:3      | Noticed Robin
  2142 | D:3      | Killed Robin
  2320 | D:3      | Reached XP level 6. HP: 25/39 MP: 6/6
  2733 | D:3      | Slain by an orc

Skill      XL: |  1  2  3  4  5  6 |
---------------+-------------------+-----
Axes           | 3 |  3.8
Dodging        | 2 3 |  3.0
Armour         | 3 |  3.9
Fighting       | 4 |  4.7

Action                   |  1- 3 |  4- 6 || total
-------------------------+-------+-------++-------
Melee: Hand axe          |    98 |   125 ||   223
Invok: Berserk           |       |     4 ||     4
       Trog's Hand       |       |     1 ||     1
 Stab: Sleeping          |     1 |       ||     1
  Eat: Chunk             |       |    15 ||    15
Armor: Animal skin       |    35 |    67 ||   102
Dodge: Dodged            |    85 |   135 ||   220
